 Dungeon Crawl Stone Soup version 0.24-a0-762-gca426f56c8 (webtiles) character file.

Game seed: 16805754502352765371, levelgen mode: deterministic

48 Arixos the Scratcher (level 3, 0/15 HPs)
             Began as a Felid Transmuter on Oct 3, 2019.
             Slain by an adder (4 damage)
             ... on level 2 of the Dungeon.
             The game lasted 00:05:37 (1617 turns).

Arixos the Scratcher (Felid Transmuter)             Turns: 1617, Time: 00:05:37

Health: 0/15       AC:  2    Str:  7    XL:     3   Next: 50%
Magic:  13/16      EV: 22    Int: 14    God:
Gold:   36         SH:  0    Dex: 21    Spells: 2/6 levels left
                                        Lives:  0   Deaths: 0

rFire    . . .     SeeInvis +     - Unarmed
rCold    . . .     Gourm    .   (shield unavailable)
rNeg     . . .     Faith    .   (armour unavailable)
rPois    x         Spirit   .   (helmet unavailable)
rElec    .         Reflect  .   (cloak unavailable)
rCorr    .         Harm     .   (gloves unavailable)
MR       .....                  (boots unavailable)
Stlth    ++........             (no amulet)
HPRegen  0.05/turn              f - ring of magical power
MPRegen  0.15/turn              (no ring)

@: lethally poisoned (0 -> -4), spider-form (expiring)
A: tiny, no armour, no weapons or thrown items, stealth, see invisible,
carnivore, slow metabolism 1
a: End Transformation


You were on level 2 of the Dungeon.
You were completely stuffed.
You were a venomous arachnid creature.
You visited 1 branch of the dungeon, and saw 2 of its levels.

You collected 36 gold pieces.

Inventory:

Missiles
 a - 30 arrows
Jewellery
 f - a ring of magical power (left front leg)
Scrolls
 g - a scroll of enchant armour {unknown}
 i - a scroll of remove curse {unknown}
Potions
 b - 4 potions of curing
 d - a potion of flight {unknown}
 e - a potion of degeneration {unknown}
 h - a potion of might {unknown}
Comestibles
 c - 7 rations
 j - a chunk of flesh


   Skills:
 + Level 1.4 Fighting
 + Level 3.2 Dodging
 + Level 1.8 Stealth
 + Level 3.3 Unarmed Combat
 + Level 2.3 Spellcasting
 + Level 2.6 Transmutations
 + Level 0.1 Poison Magic


You had 2 spell levels left.
You knew the following spells:

 Your Spells              Type           Power        Failure   Level  Hunger
a - Beastly Appendage     Tmut           #.....       21%         1    #......
s - Spider Form           Tmut/Pois      #.........   58%         3    ###....

Your spell library contained the following spells:

 Spells                   Type           Power        Failure   Level  Hunger
 Sticks to Snakes         Tmut           #.......     28%         2    ###....
 Ice Form                 Ice/Tmut       #.......     92%         4    #####..
 Blade Hands              Tmut           #.........   98%         5    ######.


Dungeon Overview and Level Annotations

Branches:
Dungeon (2/15)

Altars:
Elyvilon


Innate Abilities, Weirdness & Mutations

You cannot wear armour.
You are incapable of wielding weapons or throwing items.
Your paws allow you to move quietly. (Stealth)
((You have sharp claws.))
((You have razor-sharp teeth.))
You have supernaturally acute eyesight. (SInv)
You are carnivorous and can eat meat at any time.
((You cover ground quickly.))
((You are covered in fur. (AC +1)))
You have a slow metabolism.
((Your sharp claws are effective at attacking unaware monsters.))


Message History

The adder bites you.
You are poisoned.
The adder poisons you!
You scratch the adder but do no damage.
You feel sick. The adder bites you.
Casting: Beastly Appendage (safe; 8% risk of failure)
Confirm with . or Enter, or press ? or * to list all spells.
You turn into a venomous arachnid creature.
The adder closely misses you. The adder barely misses you.
You closely miss the adder.
Your transformation is almost over.
You feel sick. The adder completely misses you.
You barely miss the adder. The adder bites you.
You hit the adder.
The adder is severely wounded.
The adder closely misses you.
You hit the adder but do no damage.
The adder is poisoned.
The adder is severely wounded.
* * * LOW HITPOINT WARNING * * *
You feel sick. The adder completely misses you. The adder bites you.
You die...

....##..
[...........#####.#
....#####
###.#.......## #.#
....# #.##..)..##
#.#### .#.#
#.##..<.## #.....
.#.# #######.##.#.##
##.###.
.#.####............#
###...###
.#.......####.##.###
#≈≈...≈≈# .#.####.##
#.##.##### ##≈..♣..≈#
.#.# ###
#...s....###..r......
...#
####S###.##...♣._.♣..
#### #.#
#.#........... #.#
#.#.##≈..♣..≈# #.#
#.#.##≈≈...≈≈# #.#
#.#..###...### #.#
#>#.......## #.#
#.#.####### #.###.#.#


You could see an adder.

Vanquished Creatures
  An adder (D:1)
  A worm (D:2)
  A dart slug (D:1)
  A ball python (D:2)
  3 giant cockroaches (D:2)
  5 goblins
  2 hobgoblins
  4 bats
  3 frilled lizards
  8 kobolds
  6 rats
35 creatures vanquished.

Notes
Turn   | Place    | Note
-------+----------+-------------------------------------------
     0 | D:1      | Arixos the Felid Transmuter began the quest for the Orb.
     0 | D:1      | Reached XP level 1. HP: 9/9 MP: 4/4
   455 | D:1      | Reached XP level 2. HP: 12/12 MP: 6/6
   502 | D:1      | Reached skill level 1 in Stealth
  1096 | D:1      | Reached XP level 3. HP: 4/15 MP: 7/7
  1255 | D:2      | Learned a level 3 spell: Spider Form
  1309 | D:2      | Found a white marble altar of Elyvilon.
  1617 | D:2      | Slain by an adder

Levels and vault maps discovered:
D:1:      lemuel_arrival_behind_the_door_small, layout_basic, minmay_liquid_box
D:2:      layout_loops_ring, nicolae_overflow_crystal_walls, elyvilon_altar_4

Skill      XL: |  1  2 |
---------------+-------+-----
Stealth        | 1 |  1.8
Dodging        | 3 |  3.2
Fighting       | |  1.4
Unarmed Combat | |  3.3
Spellcasting   | |  2.3
Transmutations | |  2.6
Poison Magic   | |  0.1

Action                   || total
-------------------------++-------
Melee: Unarmed           ||    77
       Punch             ||     1
       Headbutt          ||     6
       Bite              ||     1
 Cast: Beastly Appendage ||    12
       Spider Form       ||     3
  Use: Potion            ||     1
 Stab: Sleeping          ||    10
  Eat: Chunk             ||     9
Armor: Skin              ||     4
Dodge: Dodged            ||    51

Table legend:
 A = Non-vault XP
 B = Vault XP
 C = Vault XP percentage of total XP
 D = Non-vault monster count
 E = Vault monster count
 F = Vault count percentage of total count
                 A         B        C        D         E       F
            +---------+---------+-------+---------+---------+-------
      Total |      69 |       0 |   0.0 |      35 |       0 |   0.0
            +---------+---------+-------+---------+---------+-------
        D:1 |      38 |       0 |   0.0 |      15 |       0 |   0.0
        D:2 |      31 |       0 |   0.0 |      20 |       0 |   0.0
            +---------+---------+-------+---------+---------+-------
